Match 45373651
Unlisted

Match 45373651
End
Selects Luftwaffe Battlegroup
Selects Luftwaffe Pioneer Support
Fallschirmpioneer Squad Paradrop
Construct Infanterie Kompanie
MG 42 Machine Gun Team
Fallschirmpioneer Squad Paradrop
Infanterie Officer Quarters
Fallschirmpioneer Squad Paradrop
Construct Panzergrenadier Kompanie
Rashid al-Din Fadlullah Hamadani
rat.tat
cc<
只因未来
Da'Quantum physics
肘术回战
Get over yourself
Sayamander 🐉
0
0

Comments sign in to comment!

No comments posted yet!